 Dungeon Crawl Stone Soup version 0.28.0-1-gb440e238dd (webtiles) character file.

Game seed: 7345831038487027124

83 Crownlay the Chopper (level 4, -4/41 HPs)
             Began as a Hill Orc Fighter on Feb 19, 2022.
             Slain by an orc wizard (5 damage)
             ... on level 4 of the Dungeon.
             The game lasted 00:01:29 (938 turns).

Crownlay the Chopper (Hill Orc Fighter)              Turns: 938, Time: 00:01:29

Health: -4/41      AC:  6    Str: 20    XL:     4   Next: 44%
Magic:  1/4        EV:  9    Int:  8    God:
Gold:   73         SH:  4    Dex: 10    Spells: 3/3 levels left

rFire   . . .      SeeInvis +   a - +1 war axe
rCold   . . .      Faith    .   c - +0 buckler
rNeg    . . .      Spirit   .   b - +0 scale mail
rPois   .          Reflect  .   (no helmet)
rElec   .          Harm     .   (no cloak)
rCorr   .          Rampage  .   (no gloves)
Will    +....                   (no boots)
Stlth   ..........              (no amulet)
HPRegen 0.13/turn               f - ring of see invisible
MPRegen 0.09/turn               h - ring of willpower

@: no status effects
A: no striking features
a: no special abilities


You were on level 4 of the Dungeon.
You visited 1 branch of the dungeon, and saw 3 of its levels.

You collected 73 gold pieces.

Inventory:

Hand Weapons
 a - a +1 war axe (weapon)
Missiles
 j - 3 silver javelins (quivered)
Armour
 b - a +0 scale mail (worn)
 c - a +0 buckler (worn)
Jewellery
 f - a ring of see invisible (left hand)
 h - a ring of willpower (right hand)
 i - a ring of protection from cold
Scrolls
 e - a scroll of silence {unknown}
Potions
 d - a potion of might


   Skills:
 + Level 4.4 Fighting
 * Level 4.7 Axes
 - Level 3.2 Armour
 + Level 3.9 Shields


You had 3 spell levels left.
You didn't know any spells.
Your spell library was empty.

Dungeon Overview and Level Annotations

Branches:
Dungeon (2/15)

Altars:


Message History

You kill the orc wizard!
You slash the orc wizard!
You kill the orc wizard!
The orc wizard hits you but does no damage.
You have reached level 4!
You closely miss the orc wizard.
The orc wizard hits you with a +2 antimagic dagger.
You miss the orc wizard.
The orc wizard hits you with a +2 antimagic dagger.
You feel your power leaking away.
You are too injured to fight recklessly!
You are too injured to fight recklessly!
You are too injured to fight recklessly!
You are too injured to fight recklessly!
You hit the orc wizard but do no damage.
The orc wizard misses you. You block the orc wizard's attack.
You hit the orc wizard.
The orc wizard is moderately wounded.
You block the orc wizard's attack.
You closely miss the orc wizard.
The orc wizard is moderately wounded.
The orc wizard casts a spell at you. The magic dart hits you!
You barely miss the orc wizard.
The orc wizard is moderately wounded.
The orc wizard curses to no one in particular.
The orc wizard gestures at you while chanting.
The puff of flame hits you!
* * * LOW HITPOINT WARNING * * *
The orc wizard misses you.
You hit the orc wizard.
The orc wizard is heavily wounded.
The orc wizard hits you with a +2 antimagic dagger.
* * * LOW HITPOINT WARNING * * *
You feel your power leaking away.
You barely miss the orc wizard.
The orc wizard is heavily wounded.
You hear the slow rusting of a drain very nearby.
The orc wizard hits you with a +2 antimagic dagger.
You die...

.. ...
..##...#####
...........#
.....P...#.#
..oPP.P...# .
#....P...# ...
........
.....####..####
.....oo@<.....#
.....o###.###.#
..... #.# #.#
.... #.# #.#
...
#.###.#####.#
..
.###........# .
# ##.#######
#.# #.#


You could see an orc wizard and 2 orcs.

Vanquished Creatures
  2 orc wizards (D:4)
  A gnoll (D:1)
  2 bats (D:1)
  An endoplasm (D:1)
  3 giant cockroaches (D:1)
  2 goblins (D:1)
  2 hobgoblins (D:1)
  4 ball pythons (D:1)
  2 frilled lizards (D:1)
  2 kobolds (D:1)
  3 rats (D:1)
24 creatures vanquished.

Notes
Turn   | Place    | Note
-------+----------+-------------------------------------------
     0 | D:1      | Crownlay the Hill Orc Fighter began the quest for the Orb.
     0 | D:1      | Reached XP level 1. HP: 19/19 MP: 1/1
   293 | D:1      | Reached XP level 2. HP: 27/27 MP: 2/2
   456 | D:1      | Reached XP level 3. HP: 33/33 MP: 3/3
   892 | D:2      | You fall into a shaft and drop 2 floors!
   931 | D:4      | Reached XP level 4. HP: 25/41 MP: 4/4
   937 | D:4      | HP: 1/41 [orc wizard (2)]
   938 | D:4      | Slain by an orc wizard

Illustrated notes

Levels and vault maps discovered:
D:1:      nzn_arrival_depleted_hourglass, layout_loops_ring, glass_columns_a,
          minivault_23
D:2:      layout_basic, serial_shops, shop, nicolae_square_shop,
          nicolae_shop_bloodbath_and_beyond, roderic_serpentine_path,
          minmay_circle_x
D:4:      minmay_door_path, layout_basic, mainiacjoe_overflow_chevrons,
          minmay_temple_entry_statues_pillars, portal_sewer_entry_d,
          serial_park_tiny_2, uniq_robin

Skill      XL: |  1  2  3 |
---------------+----------+-----
Axes           | 3 4 |  4.7
Fighting       | 4 |  4.4
Armour         | |  3.2
Shields        | |  3.9

Action                   |  1- 3 |  4- 6 || total
-------------------------+-------+-------++-------
Melee: War axe           |    51 |     8 ||    59
  Use: Scroll            |     3 |       ||     3
Armor: Scale mail        |    20 |       ||    20
Dodge: Dodged            |    25 |     2 ||    27
Block: Buckler           |     9 |     2 ||    11
